 Dungeon Sprint DCSS version 0.27-a0-1186-g8b4daa1eef (webtiles) character file.

Game seed: 13390472753924999881

7 rocky1 the Shield-Bearer (level 2, 0/28 HPs)
             Began as a Gargoyle Fighter on May 20, 2021.
             Slain by a gnoll sergeant
             ... wielding a +0 spear
              (12 damage)
             ... in the Dungeon (Sprint IX: "|||||||||||||||||||||||||||||").
             The game lasted 00:00:29 (328 turns).

rocky1 the Shield-Bearer (Gargoyle Fighter)          Turns: 328, Time: 00:00:29

Health: 0/28       AC:  9    Str: 19    XL:     2   Next: 0%
Magic:  2/2        EV:  7    Int:  8    God:
Gold:   0          SH:  9    Dex:  9    Spells: 1/1 levels left

rFire    . . .     SeeInvis .   a - +0 flail
rCold    . . .     Faith    .   c - +0 kite shield
rNeg     + . .     Spirit   .   b - +0 scale mail
rPois    ∞         Reflect  .   (no helmet)
rElec    +         Harm     .   (no cloak)
rCorr    .         Rampage  .   (no gloves)
Will     .....     NoTele   +   (no boots)
Stlth    ..........             (no amulet)
HPRegen  0.09/turn              (no ring)
MPRegen  0.08/turn              (no ring)

@: berserking, very quick
A: sickness immunity, AC +2, negative energy resistance 1, electricity
resistance, torment resistance 1, petrification resistance
a: no special abilities


You were in the Dungeon.
You visited 1 branch

Inventory:

Hand Weapons
 a - a +0 flail (weapon)
Armour
 b - a +0 scale mail (worn)
 c - a +0 kite shield (worn)
Scrolls
 j - a scroll of blinking
Potions
 d - a potion of might
 e - a potion of curing
 f - a potion of heal wounds
 g - a potion of haste
 h - 2 potions of magic


   Skills:
 - Level 3.2 Fighting
 + Level 3.3 Maces & Flails
 - Level 3.2 Armour
 + Level 4.4 Shields


You had one spell level left.
You didn't know any spells.
Your spell library was empty.

Dungeon Overview and Level Annotations

Branches:
Dungeon (1/1)

Altars:


Innate Abilities, Weirdness & Mutations

You are immune to sickness and miasma.
Your stone body is resilient. (AC +2)
You are immune to poison.
You resist negative energy. (rN+)
You are resistant to electric shocks. (rElec)
You are resistant to unholy torment.
You are immune to petrification.


Message History

Your Maces & Flails skill increases to level 3!
You sock the goblin!
You kill the goblin!
The bat hits you but does no damage. The bat hits you but does no damage.
You block the bat's attack.
Items here: )) ††.
You block the bat's attack.
You block the bat's attack. x2; The bat hits you but does no damage.
You closely miss the bat. You block the bat's attack.
You hit the bat but do no damage. You block the bat's attack.
The bat hits you but does no damage.
You sock the bat!
You kill the bat!
You have reached level 2!
You start resting.
You start resting.
HP restored.
You start waiting.
Done waiting.
Unknown command.
You open the door.
An iguana, a hound, a scorpion, a gnoll sergeant and a necrophage come into view.
The iguana hisses angrily.
The hound barks!
The gnoll sergeant hits you from afar with a +0 spear.
Unknown command.
A red film seems to cover your vision as you go berserk!
You feel yourself moving faster!
You feel mighty!
The gnoll sergeant hits you from afar with a +0 spear.
You feel a strong urge to attack something.
You block the gnoll sergeant's attack.
There is an open door here.
Your shield prevents you from hitting the gnoll sergeant.
You block the gnoll sergeant's attack.
You sock the gnoll sergeant!
The gnoll sergeant is heavily wounded.
The gnoll sergeant hits you with a +0 spear.
You closely miss the gnoll sergeant.
The gnoll sergeant is heavily wounded.
The gnoll sergeant hits you with a +0 spear!
You die...

▓+▓
▓n▓
▓l▓
▓h▓
▓s▓
▓g▓
▓@▓
▓.▓
▓.▓
▓.▓
▓.▓
▓)▓
▓'▓
▓.▓
▓.▓


You could see a necrophage, a gnoll sergeant, a scorpion, an iguana and a hound.

Vanquished Creatures
  2 bats (D)
  2 goblins (D)
  A quokka (D)
5 creatures vanquished.

Notes
Turn   | Place    | Note
-------+----------+-------------------------------------------
     0 | D        | rocky1 the Gargoyle Fighter began the quest for the Orb.
     0 | D        | Reached XP level 1. HP: 14/14 MP: 1/1
    11 | D        | Reached skill level 4 in Shields
    28 | D        | Reached XP level 2. HP: 7/19 MP: 2/2
   323 | D        | Noticed a necrophage
   323 | D        | Noticed a scorpion
   323 | D        | Noticed a gnoll sergeant
   328 | D        | Slain by a gnoll sergeant

Illustrated notes

Levels and vault maps discovered:
D:        linesprint [early_d, line_temple, items_1, d_10, items_2, lair_1,
          lair_end, items_3, orc_1, orc_end, items_4, d_15, swamp_1, shoals_1,
          snake_1, spider_1, d_20, vaults_1, items_5, swamp_end, shoals_end,
          snake_end, spider_end, vaults_end, d_27, items_6, zot_1, zot_end,
          crypt_end, forest_end, elf_end, slime_end, tomb_end, abyss_end,
          pan_hell_end]

Skill      XL: |  1 |
---------------+----+-----
Shields        | 4 |  4.4
Maces & Flails | 3 |  3.3
Fighting       | |  3.2
Armour         | |  3.2

Action                   || total
-------------------------++-------
Melee: Flail             ||    23
  Use: Potion            ||     1
Armor: Scale mail        ||    14
Dodge: Dodged            ||     4
Block: Kite shield       ||    19

Table legend: (Time is in decaauts)
 A = Elapsed time spent in this place.
 B = Non-inter-level travel time spent in this place.
 C = Inter-level travel time spent in this place.
 D = Time resting spent in this place.
 E = Time spent auto-exploring this place.
 F = Levels seen in this place.
 G = Mean time per level.
                   A        B        C        D        E       F      G
               +--------+--------+--------+--------+--------+-----+--------+
         Total |    337 |    337 |      0 |    293 |      0 |   1 |  337.0 |
       Dungeon |    337 |    337 |      0 |    293 |      0 |   1 |  337.0 |
               +--------+--------+--------+--------+--------+-----+--------+

Top non-repeatable levels by time:
       D: 337 daAuts
